 Dungeon Crawl Stone Soup version 0.27.1-33-g824d729ab1 (webtiles) character file.

Game seed: 7530851355933122576

44 vivovinco the Sneak (level 3, 0/16 HPs)
             Began as a Vine Stalker Enchanter on Dec 28, 2021.
             Succumbed to an adder's poison
             ... on level 1 of the Dungeon.
             The game lasted 00:09:56 (1692 turns).

vivovinco the Sneak (Vine Stalker Enchanter)        Turns: 1692, Time: 00:09:56

Health: 0/16       AC:  3    Str: 10    XL:     3   Next: 62%
Magic:  0/7        EV: 12    Int: 16    God:
Gold:   40         SH:  0    Dex: 14    Spells: 0/6 levels left

rFire    . . .     SeeInvis .   a - +1 dagger
rCold    . . .     Faith    .   (no shield)
rNeg     . . .     Spirit   +   b - +0 robe
rPois    .         Reflect  .   d - +0 helmet
rElec    .         Harm     .   (no cloak)
rCorr    .         Rampage  .   (no gloves)
Will     .....                  (no boots)
Stlth    +++.......             (no amulet)
HPRegen  0.05/turn              (no ring)
MPRegen  0.10/turn              (no ring)

@: lethally poisoned (0 -> -1)
A: fangs 2, magic shield, antimagic bite, no potion heal 2
a: no special abilities


You were on level 1 of the Dungeon.
You visited 1 branch of the dungeon, and saw 2 of its levels.

You collected 40 gold pieces.

Inventory:

Hand Weapons
 a - a +1 dagger (weapon)
Missiles
 e - 33 arrows
 f - 13 bolts
 g - 35 stones (quivered)
Armour
 b - a +0 robe (worn)
 d - a +0 helmet (worn)
Scrolls
 c - a scroll of enchant weapon {unknown}
 i - 2 scrolls of identify {unknown}
 j - a scroll of immolation {unknown}
 m - a scroll of torment {unknown}
 n - a scroll of teleportation {unknown}
Potions
 h - a potion of haste {unknown}
 k - 2 potions of magic {unknown}
 l - a potion of berserk rage {unknown}
 o - 2 potions of flight {unknown}


   Skills:
 + Level 0.1 Fighting
 + Level 1.2 Short Blades
 + Level 1.6 Dodging
 + Level 4.9 Stealth
 - Level 2.1 Spellcasting
 + Level 3.4 Hexes
 - Level 0.2 Ice Magic


You couldn't memorise any spells.
You knew the following spells:

 Your Spells              Type           Power      Damage    Failure   Level
a - Corona                Hex            13%        N/A       4%          1
b - Ensorcelled Hibernat  Hex/Ice        14%        N/A       14%         2
c - Confusing Touch       Hex            12%        N/A       16%         3

Your spell library contained the following spells:

 Spells                   Type           Power      Damage    Failure   Level
 Tukima's Dance           Hex            12%        N/A       16%         3
 Dazzling Flash           Conj/Hex       14%        N/A       30%         3
 Summon Guardian Golem    Hex/Summ       7%         N/A       30%         3
 Orb of Destruction       Conj           0%         N/A       100%        7
 Spellforged Servitor     Conj/Summ      0%         N/A       100%        7


Dungeon Overview and Level Annotations

Branches:
Dungeon (2/15)

Altars:


Innate Abilities, Weirdness & Mutations

You have extremely sharp teeth.
When hurt, damage is shared between your health and your magic reserves.
Your bite disrupts and absorbs the magic of your enemies.
Potions cannot restore your health.


Message History

The adder resists with some effort.
The adder closely misses you. The adder misses you. The adder bites you.
The adder closely misses you. The adder bites you.
There is a stone staircase leading up here.
The adder barely misses you.
You climb upwards.
There is a stone staircase leading down here.
You hit the adder. You bite the adder, but do no damage.
The adder is lightly wounded.
The adder bites you.
You miss the adder.
The adder is lightly wounded.
The adder bites you.
You hit the adder.
The adder is heavily wounded.
The adder bites you.
You are poisoned.
The adder poisons you! The adder bites you.
* * * LOW HITPOINT WARNING * * *
You closely miss the adder.
The adder is heavily wounded.
* * * LOW HITPOINT WARNING * * *
You feel sick. The adder closely misses you.
You closely miss the adder.
The adder is heavily wounded.
* * * LOW HITPOINT WARNING * * *
You feel sick. The adder bites you.
You hit the adder.
The adder is heavily wounded.
* * * LOW HITPOINT WARNING * * *
You feel sick. The adder closely misses you.
You closely miss the adder. You bite the adder, but do no damage.
The adder is heavily wounded.
* * * LOW HITPOINT WARNING * * *
You feel sick. The adder bites you but does no damage.
You hit the adder. Your bite misses the adder.
The adder is severely wounded.
You die...

..# ..# ### ############## #
#............# ##
#............# .#
##............#
.###.............#
..##.....>.......###########
...............S@'.........#
#.###............########.##
#.########'####### #.# ...#
#.# #.# .#.# #.########
#.#### ##.## #........#
#....# ##..# #.########
###.## ###.# #.......# #)# #
#.# #.....#.# #.#


You could see an adder.

Vanquished Creatures
  A dart slug (D:2)
  3 endoplasms (D:1)
  A giant cockroach (D:1)
  5 goblins
  3 hobgoblins (D:1)
  5 kobolds
  3 quokkas
  7 ball pythons
  3 bats
  3 frilled lizards (D:1)
  5 rats
39 creatures vanquished.

Notes
Turn   | Place    | Note
-------+----------+-------------------------------------------
     0 | D:1      | vivovinco the Vine Stalker Enchanter began the quest for
                  | the Orb.
     0 | D:1      | Reached XP level 1. HP: 9/9 MP: 4/4
   253 | D:1      | Reached skill level 1 in Short Blades
   253 | D:1      | Reached XP level 2. HP: 13/13 MP: 4/6
   274 | D:1      | Learned a level 2 spell: Ensorcelled Hibernation
   316 | D:1      | Found a faded altar of an unknown god.
   336 | D:1      | Reached skill level 4 in Stealth
   629 | D:1      | Reached XP level 3. HP: 16/16 MP: 7/7
  1329 | D:2      | Learned a level 3 spell: Confusing Touch
  1692 | D:1      | Succumbed to an adder's poison

Illustrated notes

Levels and vault maps discovered:
D:1:      roderic_crossed_star, layout_basic,
          chequers_ecumenical_altar_simple_redux
D:2:      layout_loops_ring

Skill      XL: |  1  2 |
---------------+-------+-----
Short Blades   | 1 |  1.2
Stealth        | 4 |  4.9
Fighting       | |  0.1
Dodging        | |  1.6
Spellcasting   | |  2.1
Hexes          | |  3.4
Ice Magic      | |  0.2

Action                   || total
-------------------------++-------
Melee: Dagger            ||    92
       Bite              ||    11
Throw: Stone             ||     1
 Cast: Corona            ||     1
       Ensorcelled Hiber ||    25
 Stab: Sleeping          ||    27
Armor: Robe              ||    20
Dodge: Dodged            ||    45
